 Dungeon Crawl Stone Soup version 0.21.1-1-g345015f (webtiles) character file.

654 inc the Magician (level 7, -8/41 HPs)
             Began as an Octopode Ice Elementalist on Apr 26, 2018.
             Was an Initiate of Gozag.
             Mangled by an ogre
             ... wielding a +0 giant club
              (24 damage)
             ... on level 4 of the Dungeon.
             The game lasted 00:06:56 (4724 turns).

inc the Magician (Octopode Ice Elementalist)        Turns: 4724, Time: 00:06:57

Health: -8/41      AC:  9    Str:  7    XL:     7   Next: 54%
Magic:  8/15       EV: 15    Int: 19    God:    Gozag
Gold:   226        SH:  0    Dex: 13    Spells: 11/17 levels left

rFire    . . .     SeeInvis .   j - +0 long sword
rCold    . . .     Gourm    .   (no shield)
rNeg     + . .     Faith    .   (helmet restricted)
rPois    .         Spirit   .   (no amulet)
rElec    .         Reflect  .   r - ring of positive energy
rCorr    .         Harm     .   (no ring)
MR       +....                  (no ring)
Stlth    +++.......             (no ring)
HPRegen  0.13/turn              (no ring)
MPRegen  0.14/turn              (no ring)
                                (no ring)
                                (no ring)

@: icy armour, very slightly contaminated, slow
A: almost no armour, stealthy swim, amphibious, 8 rings, constrict 8, tentacle
spike 1, molten scales 1, camouflage 1, magic resistance 1, gelatinous body 1
a: Potion Petition, Call Merchant, Bribe Branch, Renounce Religion


You were on level 4 of the Dungeon.
You worshipped Gozag.
Gozag was aware of your devotion.
You were full.

You visited 2 branches of the dungeon, and saw 5 of its levels.

You collected 296 gold pieces.
You paid 70 gold pieces to Gozag.

Inventory:

Hand Weapons
 j - a +0 long sword (weapon)
Jewellery
 r - a ring of positive energy (left tentacle)
Scrolls
 c - a scroll of noise {unknown}
 d - 3 scrolls of teleportation
 e - 2 scrolls of remove curse {unknown}
 g - 2 scrolls of enchant weapon {unknown}
 h - a scroll of fear {unknown}
 m - a scroll of amnesia {unknown}
 o - a scroll of enchant armour {unknown}
Potions
 f - a potion of mutation
 i - a potion of curing
 k - a potion of lignification
 p - a potion of magic
Books
 a - a book of Frost

   Spells                             Type                      Level
   a - Freeze                         Ice                          1
   b - Throw Frost                    Conjuration/Ice              2
   c - Ozocubu's Armour               Charms/Ice                   3
   d - Throw Icicle                   Conjuration/Ice              4
   e - Summon Ice Beast               Ice/Summoning                4
Comestibles
 b - 5 rations


   Skills:
 + Level 4.2 Dodging
 - Level 2.6 Stealth
 - Level 5.7 Spellcasting
 - Level 1.0 Conjurations
 - Level 4.7 Ice Magic


You had 11 spell levels left.
You knew the following spells:

 Your Spells              Type           Power        Failure   Level  Hunger
a - Freeze                Ice            ###.         1%          1    None
b - Throw Frost           Conj/Ice       ###...       5%          2    None
c - Ozocubu's Armour      Chrm/Ice       ##......     13%         3    ##.....


Dungeon Overview and Level Annotations

Branches:
Dungeon (4/15)             Temple (1/1) D:4

Altars:
Ashenzari
Cheibriados
Dithmenos
Elyvilon
Fedhas
Gozag
Hepliaklqana
Kikubaaqudgha
Makhleb
Nemelex Xobeh
Okawaru
Qazlal
Sif Muna
Trog
Uskayaw
Vehumet
Wu Jian
Xom
Yredelemnul
Zin
The Shining One

Annotations:
D:3 Eltigrechino's ghost, amateur MiBe


Innate Abilities, Weirdness & Mutations

You cannot wear most types of armour.
You are very stealthy in the water. (Stealth+)
You are amphibious.
You can wear up to eight rings at the same time.
You can use your tentacles to constrict eight enemies at once.
Your skin changes colour to match your surroundings (Stealth+).
Your rubbery body absorbs attacks. (AC +1, EV +1)
One of your tentacles bears a spike.
You are partially covered in molten scales. (AC +2)
You are resistant to hostile enchantments. (MR+)


Message History

The ogre is lightly wounded.
The ogre closely misses you.
Casting: Freeze
Confirm with . or Enter, or press ? or * to list all spells.
Aiming: Freeze
Press: ? - help, Shift-Dir - straight line, f/p - ogre
Aim: an ogre, wielding a giant club (lightly wounded)
You freeze the ogre.
The ogre is moderately wounded.
Casting: Freeze
Confirm with . or Enter, or press ? or * to list all spells.
Aiming: Freeze
Press: ? - help, Shift-Dir - straight line, f/p - ogre
Aim: an ogre, wielding a giant club (moderately wounded)
You miscast Freeze.
You are very lightly contaminated with residual magic.
Nothing appears to happen.
The ogre hits you with a giant club!!
Ouch! That really hurt!
You die...
Your body crumbles into a pile of gold.

####### ####### ########.....#
#...... #............ #.#####
#........... #.# #.......O#
######[# ###
#########.......@#####...##.###..
........'................'....+..
........#..[.(...#####...##..##..
................## ##...##..##..
........#######..# #........##..
################.# #.######.##..
###...........##.# #.# #.##..
...[........#.##.## #.# #.##..
.##.#.....#.#.# ..# #.# #.####


You could see an ogre.

Vanquished Creatures
  Grinder (D:4)
  A necrophage (D:3)
  A howler monkey (D:4)
  A centaur skeleton (D:4)
  A hound (D:4)
  A bullfrog skeleton (D:4)
  5 worker ants (D:4)
  7 adders
  An adder skeleton (D:4)
  4 worms
  A dart slug (D:4)
  4 leopard geckos
  3 orcs
  8 bats
  2 giant cockroaches
  2 goblins
  3 hobgoblins
  7 kobolds
  2 quokkas (D:4)
  3 ball pythons
  5 frilled lizards
  8 rats
71 creatures vanquished.

Notes
Turn   | Place    | Note
-------+----------+-------------------------------------------
     0 | D:1      | inc the Octopode Ice Elementalist began the quest for the Orb.
     0 | D:1      | Reached XP level 1. HP: 11/11 MP: 3/3
   185 | D:1      | Reached XP level 2. HP: 17/17 MP: 5/5
  1142 | D:2      | Reached skill level 3 in Spellcasting
  1142 | D:2      | Reached XP level 3. HP: 19/21 MP: 3/7
  2078 | D:2      | Gained mutation: You are partially covered in molten scales. (AC +2) [potion of mutation]
  2078 | D:2      | Gained mutation: One of your tentacles bears a spike. [potion of mutation]
  2078 | D:2      | Gained mutation: You are resistant to hostile enchantments. (MR+) [potion of mutation]
  2105 | D:3      | Noticed Eltigrechino's ghost (amateur MiBe)
  2356 | D:3      | Reached XP level 4. HP: 26/27 MP: 5/9
  2389 | D:3      | Reached skill level 4 in Spellcasting
  2956 | D:3      | Noticed a necrophage
  2971 | D:3      | Killed a necrophage
  2971 | D:3      | Reached XP level 5. HP: 16/30 MP: 12/12
  3099 | D:4      | Reached XP level 6. HP: 18/35 MP: 8/13
  3485 | D:4      | Reached skill level 5 in Spellcasting
  3725 | D:4      | Found a staircase to the Ecumenical Temple.
  3733 | Temple   | Entered the Ecumenical Temple
  3766 | Temple   | Became a worshipper of Gozag Ym Sagoz the Greedy
  3975 | D:4      | Learned a level 2 spell: Throw Frost
  3979 | D:4      | Learned a level 3 spell: Ozocubu's Armour
  4141 | D:4      | Reached XP level 7. HP: 10/40 MP: 7/15
  4437 | D:4      | Noticed Grinder
  4451 | D:4      | Killed Grinder
  4724 | D:4      | Mangled by an ogre

Skill      XL: |  1  2  3  4  5  6  7 |
---------------+----------------------+-----
Spellcasting   | 3 4 5 |  5.7
Ice Magic      | 4 |  4.7
Dodging        | 4 |  4.2
Stealth        | |  2.6
Conjurations   | |  1.0

Action                   |  1- 3 |  4- 6 |  7- 9 || total
-------------------------+-------+-------+-------++-------
Melee: Unarmed           |    32 |       |       ||    32
       Constrict         |    15 |    15 |     1 ||    31
       Tentacles         |     9 |    12 |     2 ||    23
       Long sword        |    18 |    45 |     9 ||    72
       Kick              |     1 |    18 |     6 ||    25
 Cast: Freeze            |    26 |    43 |     9 ||    78
       Throw Frost       |       |       |     4 ||     4
       Ozocubu's Armour  |       |       |     1 ||     1
  Use: Scroll            |     5 |       |     1 ||     6
       Potion            |     1 |       |     3 ||     4
 Stab: Sleeping          |    13 |     9 |       ||    22
  Eat: Chunk             |     4 |     5 |       ||     9
       Ration            |       |       |     2 ||     2
Armor: Skin              |    15 |    10 |       ||    25
Dodge: Dodged            |    52 |    50 |    10 ||   112
       Rpst.: Long sword |     9 |    14 |     3 ||    26
